 Dungeon Crawl Stone Soup version 0.28-a0-1286-g6bde065e89 (webtiles) character file.

Game seed: 8667245538320044693

102 Zonian the Gusty (level 4, 0/24 HPs)
             Began as a Tengu Air Elementalist on Dec 27, 2021.
             Was an Initiate of Gozag.
             Slain by Natasha (9 damage)
             ... on level 2 of the Dungeon.
             The game lasted 00:02:57 (1881 turns).

Zonian the Gusty (Tengu Air Elementalist)           Turns: 1881, Time: 00:02:57

Health: 0/24       AC:  3    Str:  8    XL:     4   Next: 78%
Magic:  7/8        EV: 13    Int: 24    God:    Gozag
Gold:   171        SH:  0    Dex: 14    Spells: 2/8 levels left

rFire   . . .      SeeInvis .   (no weapon)
rCold   . . .      Faith    .   (no shield)
rNeg    . . .      Spirit   .   a - +0 robe
rPois   .          Reflect  .   e - +1 hat
rElec   .          Harm     .   (no cloak)
rCorr   .          Rampage  .   (no gloves)
Will    .....                   (boots unavailable)
Stlth   ++........              g - amulet of magic regeneration
HPRegen 0.08/turn               d - +6 ring of intelligence
MPRegen 0.51/turn               (no ring)

@: no status effects
A: beak, talons 3
a: Renounce Religion, Potion Petition, Call Merchant, Bribe Branch


You were on level 2 of the Dungeon.
You worshipped Gozag.
Gozag was aware of your devotion.
You visited 1 branch of the dungeon, and saw 2 of its levels.

You collected 171 gold pieces.

Inventory:

Armour
 a - a +0 robe (worn)
 e - a +1 hat (worn)
Jewellery
 b - an amulet of guardian spirit
 d - a +6 ring of intelligence (left hand)
 g - an amulet of magic regeneration (around neck)
Scrolls
 f - a scroll of enchant armour {unknown}
 i - a scroll of magic mapping {unknown}
 j - a scroll of identify
Potions
 c - a potion of resistance
 h - a potion of curing {unknown}


   Skills:
 + Level 3.0 Dodging
 + Level 2.9 Stealth
 + Level 2.6 Spellcasting
 + Level 2.8 Conjurations
 + Level 4.7 Air Magic


You had 2 spell levels left.
You knew the following spells:

 Your Spells              Type           Power      Damage    Failure   Level
a - Shock                 Conj/Air       84%        1d8       2%          1
b - Static Discharge      Conj/Air       21%        N/A       3%          2
c - Swiftness             Air            26%        N/A       4%          3

Your spell library contained the following spells:

 Spells                   Type           Power      Damage    Failure   Level
 Passwall                 Tmut/Erth      2%         N/A       17%         2
 Sublimation of Blood     Necr           3%         N/A       17%         2
 Wereblood                Tmut           3%         N/A       17%         2
 Airstrike                Air            13%        N/A       16%         4
 Summon Hydra             Summ           1%         N/A       100%        7


Dungeon Overview and Level Annotations

Branches:
Dungeon (2/15)

Altars:
Gozag
Xom

Annotations:
D:2 Natasha


Innate Abilities, Weirdness & Mutations

You have a beak for a mouth.
You have claws for feet.


Message History

Confirm with . or Enter, or press ? or * to list all spells.
Aiming: Shock (safe; 2% risk of failure)
Press: ? - help, Shift-Dir - straight line, f - dart slug
Aim: a dart slug (100% to hit)
The zap hits the dart slug.
The dart slug is moderately wounded.
The dart slug is distracted by your dazzling golden aura.
Unknown command.
Casting: Shock (safe; 2% risk of failure)
Confirm with . or Enter, or press ? or * to list all spells.
Aiming: Shock (safe; 2% risk of failure)
Press: ? - help, Shift-Dir - straight line, f/p - dart slug
Aim: a dart slug (moderately wounded, unaware, hasn't noticed you, 100% to hit)
The zap hits the dart slug!
The dart slug is almost dead.
The dart slug is no longer distracted by gold.
The dart slug launches a dart at you. The slug dart hits you.
Casting: Shock (safe; 2% risk of failure)
Confirm with . or Enter, or press ? or * to list all spells.
Aiming: Shock (safe; 2% risk of failure)
Press: ? - help, Shift-Dir - straight line, f/p - dart slug
Aim: a dart slug (almost dead, 100% to hit)
The zap hits the dart slug.
You kill the dart slug!
Unknown command.
j - a scroll of identify Natasha, Servant of Life and Death comes into view.
Natasha hisses angrily.
Natasha wildly gestures.
Natasha's front paws start to glow.
Casting: Shock (safe; 2% risk of failure)
Confirm with . or Enter, or press ? or * to list all spells.
Natasha is struck by an arc of lightning!
Natasha is severely wounded.
You are struck by an arc of lightning.
The lightning grounds out.
You feel yourself speed up. Natasha claws you!
You die...
Your body crumbles into a pile of gold.

#.....########..
#........$..$..#
..#.....$.... #
####.#.._....#. #..
.....#.....#... #.#
#......#### ###..
##........... ....#
#...h######## #....
#...@######## #.#..
#...........# #.##.
#.....#####.#####....
###..$..### #.##.....#.
...........###..'.......
................#.......
.....>.....>....#.......
......####......#......#
$..... #......#......#


You could see Natasha.

Vanquished Creatures
  Natasha (twice) (D:2)
  An adder (D:2)
  A worm (D:2)
  A dart slug (D:2)
  4 ball pythons
  4 bats
  3 endoplasms
  A giant cockroach (D:1)
  7 goblins
  2 hobgoblins (D:2)
  2 jackals (D:1)
  A quokka (D:2)
  A frilled lizard (D:1)
  6 kobolds
36 creatures vanquished.

Notes
Turn   | Place    | Note
-------+----------+-------------------------------------------
     0 | D:1      | Zonian the Tengu Air Elementalist began the quest for the
                  | Orb.
     0 | D:1      | Reached XP level 1. HP: 10/10 MP: 4/4
   291 | D:1      | Reached XP level 2. HP: 11/15 MP: 0/6
   462 | D:1      | Learned a level 2 spell: Static Discharge
   533 | D:1      | Found a faded altar of an unknown god.
   719 | D:1      | Prayed at the altar of an unknown god.
   719 | D:1      | Became a worshipper of Gozag Ym Sagoz the Greedy
  1081 | D:1      | Reached XP level 3. HP: 17/19 MP: 0/7
  1181 | D:1      | Learned a level 3 spell: Swiftness
  1552 | D:2      | Noticed Natasha
  1562 | D:2      | Killed Natasha
  1768 | D:2      | Reached XP level 4. HP: 24/24 MP: 5/8
  1855 | D:2      | Found a shimmering altar of Xom.
  1857 | D:2      | Noticed Natasha
  1864 | D:2      | Killed Natasha
  1876 | D:2      | Noticed Natasha
  1881 | D:2      | Slain by Natasha

Illustrated notes

Levels and vault maps discovered:
D:1:      ncdulo_watergridlock, layout_loops_ring,
          hellmonk_ecumenical_altar_zigzags, hangedman_decor_diamond_cutter
D:2:      layout_basic, basic_altar, uniq_natasha

Skill      XL: |  1  2  3  4 |
---------------+-------------+-----
Conjurations   | 2 |  2.8
Dodging        | 3 |  3.0
Stealth        | |  2.9
Spellcasting   | |  2.6
Air Magic      | |  4.7

Action                   |  1- 3 |  4- 6 || total
-------------------------+-------+-------++-------
Melee: Unarmed           |    15 |       ||    15
       Kick              |     3 |       ||     3
       Peck              |     1 |       ||     1
 Cast: Shock             |    51 |    16 ||    67
       Static Discharge  |     3 |     3 ||     6
  Use: Scroll            |     1 |       ||     1
Armor: Robe              |     4 |       ||     4
Dodge: Dodged            |    23 |       ||    23

Table legend: (Time is in decaauts)
 A = Elapsed time spent in this place.
 B = Non-inter-level travel time spent in this place.
 C = Inter-level travel time spent in this place.
 D = Time resting spent in this place.
 E = Time spent auto-exploring this place.
 F = Levels seen in this place.
 G = Mean time per level.
                   A        B        C        D        E       F      G
               +--------+--------+--------+--------+--------+-----+--------+
         Total |   1890 |   1882 |      8 |    711 |    862 |   2 |  945.0 |
       Dungeon |   1890 |   1882 |      8 |    711 |    862 |   2 |  945.0 |
               +--------+--------+--------+--------+--------+-----+--------+

Top non-repeatable levels by time:
     D:1: 1544 daAuts
     D:2: 346 daAuts
